 Dungeon Crawl Stone Soup version 0.28-a0-730-g892d06dc2c (webtiles) character file.

Game seed: 10574167603440360236

37 cheechan the Skirmisher (level 3, -1/34 HPs)
             Began as a Naga Fighter on Oct 28, 2021.
             Succumbed to a goblin's poison
             ... on level 3 of the Dungeon.
             The game lasted 00:04:09 (824 turns).

cheechan the Skirmisher (Naga Fighter)               Turns: 824, Time: 00:04:10

Health: -1/34      AC:  4    Str: 19    XL:     3   Next: 41%
Magic:  3/3        EV:  7    Int:  8    God:
Gold:   50         SH:  4    Dex: 12    Spells: 2/2 levels left

rFire   + . .      SeeInvis +   a - +1 war axe
rCold   . . .      Faith    .   c - +0 buckler
rNeg    . . .      Spirit   .   b - +0 scale mail
rPois   +          Reflect  .   (helmet restricted)
rElec   .          Harm     .   (no cloak)
rCorr   .          Rampage  .   (no gloves)
Will    .....                   (no barding)
Stlth   ..........              (no amulet)
HPRegen 0.11/turn               (no ring)
MPRegen 0.08/turn               (no ring)

@: lethally poisoned (-1 -> -12), very slow
A: AC +1, large, see invisible, deformed body, poison resistance, slowness 2,
spit poison 1, naga tail 1, beak, agile 1, fire resistance 1
a: Spit Poison


You were on level 3 of the Dungeon.
You visited 1 branch of the dungeon, and saw 3 of its levels.

You collected 50 gold pieces.

Inventory:

Hand Weapons
 a - a +1 war axe (weapon)
 g - a +0 hand axe
Missiles
 f - 42 stones
 h - 25 bolts
Armour
 b - a +0 scale mail (worn)
 c - a +0 buckler (worn)
Potions
 d - a potion of might
 i - a potion of curing {unknown}


   Skills:
 + Level 3.2 Fighting
 + Level 2.8 Axes
 + Level 2.6 Armour
 + Level 2.7 Shields


You had 2 spell levels left.
You didn't know any spells.
Your spell library contained the following spells:

 Spells                   Type           Power      Damage    Failure   Level
 Sandblast                Erth           0%         2d4       78%         1
 Passwall                 Tmut/Erth      0%         N/A       89%         2
 Stone Arrow              Conj/Erth      0%         3d7       98%         3


Dungeon Overview and Level Annotations

Branches:
Dungeon (3/15)

Altars:


Innate Abilities, Weirdness & Mutations

Your serpentine skin is tough. (AC +1)
You have supernaturally acute eyesight. (SInv)
Armour fits poorly on your strangely shaped body.
Your system is resistant to poisons. (rPois)
You cover ground very slowly.
You can spit poison.
You have a snake-like lower body.
You have a beak for a mouth.
You are agile. (Dex +2)
Your flesh is heat resistant. (rF+)


Message History

You open the door.
There is an open door here.
You open the door. You open the door.
There is an open door here.
Found 6 gold pieces.
You now have 50 gold pieces (gained 6).
You open the door.
There is a stone staircase leading down here.
There is a stone staircase leading down here.
You climb downwards.
The goblin shouts!
The kobold shouts!
Found a stone staircase leading up and a stone staircase leading down.
There is a stone staircase leading up here.
The kobold throws a poisoned dart.
The poisoned dart hits you!
You are poisoned.
You feel very sick.
The kobold throws a poisoned dart.
The poisoned dart hits you!
The goblin hits you with a +2 dagger of venom.
You are more poisoned.
You closely miss the goblin.
You feel very sick.
The goblin hits you with a +2 dagger of venom.
The goblin hits you but does no damage.
You are lethally poisoned!
You closely miss the goblin. You completely miss the kobold.
You feel extremely sick. You block the kobold's attack.
The goblin hits you with a +2 dagger of venom.
* * * LOW HITPOINT WARNING * * *
You miss the kobold. You closely miss the goblin.
* * * LOW HITPOINT WARNING * * *
You feel very sick.
The goblin hits you with a +2 dagger of venom.
* * * LOW HITPOINT WARNING * * *
The kobold hits you but does no damage.
It was a potion of mutation.
You feel extremely strange.
Your mouth lengthens and hardens into a beak!
You feel resistant to heat.
You feel agile.
You die...

#####
##...##
##⌠.<.⌠##
#....@g.#
#.....⌠K<.#
###.......#
##⌠.>.⌠##
##...##
#####


You could see a goblin and a kobold.

Vanquished Creatures
  An adder (D:2)
  2 dart slugs
  2 bats (D:1)
  2 endoplasms
  A goblin (D:2)
  3 hobgoblins (D:2)
  4 jackals (D:1)
  A kobold (D:1)
  A quokka (D:1)
  3 ball pythons
  A frilled lizard (D:1)
  A rat (D:2)
22 creatures vanquished.

Notes
Turn   | Place    | Note
-------+----------+-------------------------------------------
     0 | D:1      | cheechan the Naga Fighter began the quest for the Orb.
     0 | D:1      | Reached XP level 1. HP: 21/21 MP: 1/1
   255 | D:1      | Reached XP level 2. HP: 24/28 MP: 2/2
   409 | D:1      | You fall into a shaft and drop 1 floor!
   436 | D:2      | Reached XP level 3. HP: 26/34 MP: 3/3
   823 | D:3      | HP: 1/34 [goblin (3)]
   824 | D:3      | Gained mutation: You have a beak for a mouth. [potion of
                  | mutation]
   824 | D:3      | Gained mutation: Your flesh is heat resistant. (rF+)
                  | [potion of mutation]
   824 | D:3      | Gained mutation: You are agile. (Dex +2) [potion of
                  | mutation]
   824 | D:3      | Succumbed to a goblin's poison

Illustrated notes

Levels and vault maps discovered:
D:1:      amcnicky_arrival_flooded_fountain, layout_basic,
          shapermc_ecumenical_altar_mp_ritualfount
D:2:      layout_loops_corners
D:3:      layout_basic, grunt_ministairs_7, nrook_loot_triangle

Action                   || total
-------------------------++-------
Melee: War axe           ||    45
 Abil: Spit Poison       ||     4
  Use: Scroll            ||     3
       Potion            ||     1
Armor: Scale mail        ||    31
Dodge: Dodged            ||    17
Block: Buckler           ||    15

Table legend: (Time is in decaauts)
 A = Elapsed time spent in this place.
 B = Non-inter-level travel time spent in this place.
 C = Inter-level travel time spent in this place.
 D = Time resting spent in this place.
 E = Time spent auto-exploring this place.
 F = Levels seen in this place.
 G = Mean time per level.
                   A        B        C        D        E       F      G
               +--------+--------+--------+--------+--------+-----+--------+
         Total |   1136 |   1136 |      0 |      0 |      0 |   3 |  378.7 |
       Dungeon |   1136 |   1136 |      0 |      0 |      0 |   3 |  378.7 |
               +--------+--------+--------+--------+--------+-----+--------+

Top non-repeatable levels by time:
     D:2: 564 daAuts
     D:1: 564 daAuts
     D:3: 7 daAuts
